 Dungeon Crawl Stone Soup version 0.19.1 (webtiles) character file.

86 SQman the Grave Robber (level 4, 0/30 HPs)
             Began as a Vampire Necromancer on Dec 4, 2016.
             Slain by a goblin
             ... wielding a +0 club
             ... led by Robin
              (2 damage)
             ... on level 2 of the Dungeon.
             The game lasted 00:21:56 (1030 turns).

SQman the Grave Robber (Vampire Necromancer)        Turns: 1030, Time: 00:21:57

Health: 0/30       AC:  7    Str:  7    XL:     4   Next: 27%
Magic:  2/8        EV: 10    Int: 18    God:
Gold:   43         SH:  0    Dex: 14    Spells: 3 memorised, 3 levels left

rFire  . . .     SeeInvis +     q - +1 whip (venom)
rCold  . . .     Gourm    .     o - +0 ring mail
rNeg   + . .     Faith    .     (no shield)
rPois  .         Spirit   .     (no helmet)
rElec  .         Reflect  .     (no cloak)
rCorr  .         Harm     .     (no gloves)
MR     .....                    (no boots)
Stlth  +.........               (no amulet)
                                i - +2 ring of protection
                                m - ring of loudness (curse)

@: no status effects
A: fangs 3, see invisible, unbreathing
a: Bat Form


You were on level 2 of the Dungeon.
You were not thirsty.

You visited 1 branch of the dungeon, and saw 2 of its levels.

You collected 43 gold pieces.

Inventory:

Hand Weapons
 c - a +1 club
 h - a +1 short sword
 q - a +1 whip of venom (weapon)
 r - a +0 falchion
 t - a +0 hunting sling
Missiles
 e - 36 bolts
 j - 6 curare-tipped needles
 k - 10 poisoned needles
 u - 47 stones (quivered)
Armour
 a - a +1 robe
 n - a +0 leather armour
 o - a +0 ring mail (worn)
Jewellery
 d - an uncursed ring of wizardry
 f - an uncursed ring of protection from cold
 g - an uncursed ring of wizardry
 i - a +2 ring of protection (right hand)
 l - an uncursed ring of protection from magic
 m - a cursed ring of loudness (left hand)
 p - an uncursed ring of resist corrosion {unknown}
Potions
 s - a potion of brilliance
 v - a potion of flight {unknown}
Books
 b - a book of Necromancy

   Spells                             Type                      Level
   a - Pain                           Necromancy                   1
   b - Animate Skeleton               Necromancy                   1
   c - Vampiric Draining              Necromancy                   3
   d - Regeneration                   Charms/Necromancy            3
   e - Animate Dead                   Necromancy                   4
   f - Control Undead                 Necromancy                   4


   Skills:
 + Level 2.3 Dodging
 + Level 3.4 Stealth
 + Level 0.7 Unarmed Combat
 + Level 2.9 Spellcasting
 + Level 5.4 Necromancy


You had 3 spell levels left.
You knew the following spells:

 Your Spells              Type           Power        Failure   Level  Hunger
a - Pain                  Necr           ###.         8%          1    None
b - Animate Skeleton      Necr           N/A          8%          1    None
c - Vampiric Draining     Necr           ###.......   21%         3    ###....


Dungeon Overview and Level Annotations

Branches:
Dungeon (2/15)

Altars:

Annotations:
D:2 Robin


Innate Abilities, Weirdness & Mutations

You have razor-sharp teeth.
You have supernaturally acute eyesight. (SInv)
You can survive without breathing.


Message History

You barely miss the goblin. The goblin barely misses you.
You miss the goblin. The goblin barely misses you.
Robin roars a battlecry!
The goblin goes into a battle-frenzy!
You closely miss the goblin. The goblin barely misses you.
Robin throws the goblin at you!
Casting: Pain
Confirm with . or Enter, or press ? or * to list all spells.
Aiming: Pain
Press: ? - help, Shift-Dir - straight line, f - Robin
Aim: Robin, wielding an enchanted spear, wearing an animal skin, wearing a helmet and carrying a wand of flame {zapped: 1} (chance to defeat MR: 87%) Robin writhes in agony!
Robin barely misses you. The goblin misses you.
Unknown command.
Unknown command.
You miss the goblin. Robin hits you but does no damage.
The goblin hits you but does no damage.
Robin zaps a wand.
The puff of flame hits you!
* * * LOW HITPOINT WARNING * * *
You closely miss the goblin. The goblin hits you with a club.
You die...

#.# #. #.# ##### #. #.# #....
#######. #.# ##.... #.......
#############.#####.....##.......
...........##.g.........#........
)Z......(..%..)..................
).########.#..##g...###.#........
..# ####%#..##@.#.# #.#.######.
..# .....#..##..#.###.#.#### #.
..# ............#.##.......# #.
..# ...###.(...............# #.
### ... ##..###.#.##..#.##.# #.
#+#. #.............#.# .###.
##..###.#.##.##.# ..... ###.
#..#...#.##.##.##.###. ...
#..#.....%...#........


You could see Robin and a goblin.

Vanquished Creatures
  Ijyb (D:2)
  2 adders (D:2)
  A worm (D:2)
  3 dart slugs
  A leopard gecko (D:2)
  A ball python (D:1)
  6 goblins (D:2)
  3 hobgoblins
  A quokka (D:2)
  2 bats
  3 frilled lizards (D:2)
  2 kobolds (D:2)
  A rat (D:2)
27 creatures vanquished.

Vanquished Creatures (collateral kills)
  An ooze (D:1)
  A giant cockroach (D:1)
  6 goblins
  A rat (D:1)
9 creatures vanquished.

Grand Total: 36 creatures vanquished

Notes
Turn   | Place    | Note
-------+----------+-------------------------------------------
     0 | D:1      | SQman the Vampire Necromancer began the quest for the Orb.
     0 | D:1      | Reached XP level 1. HP: 13/13 MP: 3/3
     8 | D:1      | Learned a level 1 spell: Animate Skeleton
   172 | D:1      | Reached XP level 2. HP: 7/19 MP: 5/5
   224 | D:1      | Reached skill level 5 in Necromancy
   609 | D:2      | Reached XP level 3. HP: 22/24 MP: 2/6
   614 | D:2      | Learned a level 3 spell: Vampiric Draining
   676 | D:2      | Noticed Ijyb
   683 | D:2      | Killed Ijyb
   973 | D:2      | Reached XP level 4. HP: 28/30 MP: 3/8
   995 | D:2      | Noticed Robin
  1028 | D:2      | HP: 1/30 [Robin/wand of flame (6)]
  1030 | D:2      | Slain by a goblin

Skill      XL: |  1  2 |
---------------+-------+-----
Necromancy     | 5 |  5.4
Dodging        | |  2.3
Stealth        | |  3.4
Unarmed Combat | |  0.7
Spellcasting   | |  2.9

Action                   |  1- 3 |  4- 6 || total
-------------------------+-------+-------++-------
Melee: Unarmed           |    10 |       ||    10
       Short sword       |     8 |       ||     8
       Club              |     2 |       ||     2
       Whip              |    11 |    14 ||    25
       Bite              |     1 |     1 ||     2
 Fire: Hunting sling     |       |     2 ||     2
Throw: Stone             |     2 |       ||     2
 Cast: Animate Skeleton  |     7 |     1 ||     8
       Pain              |    28 |     4 ||    32
       Vampiric Draining |     1 |       ||     1
 Abil: End Transformatio |       |     1 ||     1
       Bat Form          |       |     1 ||     1
  Use: Potion            |     8 |       ||     8
       Scroll            |     6 |       ||     6
Armor: Robe              |     5 |       ||     5
       Ring mail         |     6 |     8 ||    14
Dodge: Dodged            |    18 |     7 ||    25
